 Dungeon Crawl Stone Soup version 0.32-a0-163-g159c032296 (webtiles) character file.

Game seed: 9879868121084668444

167 BubbleThief the Magician (level 5, -1/42 HPs)
             Began as a Demigod Hedge Wizard on Feb 11, 2024.
             Slain by an iguana (9 damage)
             ... on level 4 of the Dungeon.
             The game lasted 00:07:29 (4202 turns).

BubbleThief the Magician (Demigod Hedge Wizard)     Turns: 4202, Time: 00:07:29

Health: -1/42      AC:  3    Str: 11    XL:     5   Next: 2%
Magic:  2/13       EV: 12    Int: 20    God:
Gold:   188        SH:  0    Dex: 13    Spells: 8/11 levels left

rFire   . . .        p - +0 rapier
rCold   . . .        (no shield)
rNeg    . . .        b - +0 robe
rPois   .            c - +0 hat
rElec   .            g - +0 cloak
rCorr   .            (no gloves)
SInv    .            (no boots)
Will    .....        (no amulet)
Stlth   ++           (no ring)
HPRegen 0.27/turn    (no ring)
MPRegen 0.13/turn

%: no passive effects
@: no status effects
A: high MP 1, forlorn, divine attributes
a: no special abilities


You were on level 4 of the Dungeon.
You visited 1 branch of the dungeon, and saw 4 of its levels.

You collected 188 gold pieces.

Inventory:

Hand Weapons
 p - a +0 rapier (weapon)
Armour
 b - a +0 robe (worn)
 c - a +0 hat (worn)
 g - a +0 cloak (worn)
 n - the +0 scale mail of Hangman {Regen+ Int+2}
   (You took it off a kobold on level 2 of the Dungeon)

   Int+2:     It affects your intelligence (+2).
   Regen+:    It increases your rate of health regeneration.
Wands
 m - a wand of flame (6)
Scrolls
 a - a scroll of butterflies {unknown}
 e - 4 scrolls of identify {unknown}
 f - 2 scrolls of blinking {unknown}
 h - a scroll of enchant weapon {unknown}
 l - a scroll of amnesia {unknown}
 o - a scroll of silence {unknown}
 r - 3 scrolls of revelation {unknown}
Potions
 d - a potion of magic
 i - a potion of mutation {unknown}
 j - a potion of enlightenment {unknown}
 k - a potion of lignification {unknown}
 q - a potion of invisibility {unknown}
 s - a potion of ambrosia {unknown}
 t - a potion of curing {unknown}


   Skills:
 + Level 2.4 Fighting
 - Level 1.7 Dodging
 - Level 1.7 Stealth
 + Level 3.6 Spellcasting
 + Level 2.6 Conjurations
 - Level 1.0 Summonings
 - Level 0.8 Translocations


You had 8 spell levels left.
You knew the following spells:

 Your Spells              Type           Power      Damage    Failure   Level
a - Magic Dart            Conj           56%        1d5       4%          1
b - Call Imp              Summ           14%        N/A       14%         2

Your spell library contained the following spells:

 Spells                   Type           Power      Damage    Failure   Level
 Slow                     Hex            12%        N/A       14%         1
 Blink                    Tloc           14%        N/A       14%         2
 Cigotuvi's Dreadful Rot  Necr/Alch/Air  6%         N/A       21%         2
 Ensorcelled Hibernation  Hex/Ice        6%         N/A       21%         2
 Dazzling Flash           Conj/Hex       16%        N/A       24%         3
 Mephitic Cloud           Conj/Alch/Air  7%         N/A       28%         3
 Volatile Blastmotes      Fire/Tloc      10%        2d10      32%         3
 Passwall                 Erth           3%         N/A       38%         3
 Swiftness                Air            3%         N/A       38%         3
 Starburst                Conj/Fire      4%         6d3       100%        6
 Maxwell's Capacitive Co  Air            1%         ∞         100%        8


Dungeon Overview and Level Annotations

Branches:
Dungeon (4/15)
 Temple: D:4-7

Shops:
D:2 (


Innate Abilities, Weirdness & Mutations

You have an increased reservoir of magic. (+10% MP)
You shall have no god before yourself.
Your divine heritage dramatically boosts your attributes as you level up.


Message History

The iguana is severely wounded.
The iguana barely misses you.
Unknown command.
Unknown command.
Aiming: Throw Flame
Press: ? - help, Shift-Dir - straight line, f/p - iguana
Aim: an iguana (severely wounded, 72% to hit)
The puff of flame hits the iguana.
The iguana is severely wounded.
The iguana closely misses you.
Unknown command.
Unknown command.
Aiming: Throw Flame
Press: ? - help, Shift-Dir - straight line, f/p - iguana
Aim: an iguana (severely wounded, 72% to hit)
The puff of flame hits the iguana.
The iguana is almost dead.
The iguana bites you.
Unknown command.
Unknown command.
Aiming: Throw Flame
Press: ? - help, Shift-Dir - straight line, f/p - iguana
Aim: an iguana (almost dead, 72% to hit)
The puff of flame misses the iguana.
The iguana bites you!
* * * LOW HITPOINT WARNING * * *
Unknown command.
Unknown command.
Aiming: Magic Dart (safe; 4% risk of failure)
Press: ? - help, Q - select action, (/) - cycle Shift-Dir - straight line, f/p - iguana
Aim: an iguana (almost dead, 100% to hit)
The magic dart hits the iguana but does no damage.
The iguana is almost dead.
The iguana closely misses you.
Aiming: Magic Dart (safe; 4% risk of failure)
Press: ? - help, Q - select action, (/) - cycle Shift-Dir - straight line, f/p - iguana
Aim: an iguana (almost dead, 100% to hit)
The magic dart hits the iguana.
The iguana is almost dead.
The iguana bites you!
You die...

##### ##..
#.>.|####....
#............
##............
#####
##............#
#...#
#....>.......#
#.<..
.......l...$#
#.### #..@..#
##...# ##..###
##..### #..#
##..## # #.##
##..## #.#
##..## # #.#
##..## ## #.#
##...# ##. #.##
#...## ##..
##..#
###....####...


You could see an iguana.

Vanquished Creatures
  A bombardier beetle (D:3)
  A gnoll (D:1)
  4 adders
  3 dart slugs
  An orc (D:3)
  13 endoplasms
  5 giant cockroaches
  4 goblins
  3 hobgoblins
  6 jackals
  8 quokkas
  3 ball pythons
  9 bats
  5 frilled lizards
  6 kobolds
  6 rats
78 creatures vanquished.

Notes
Turn   | Place    | Note
-------+----------+-------------------------------------------
     0 | D:1      | BubbleThief the Demigod Hedge Wizard began the quest for
                  | the Orb.
     0 | D:1      | Reached XP level 1. HP: 14/14 MP: 6/6
    11 | D:1      | Reached skill level 1 in Summonings
    68 | D:1      | Reached skill level 1 in Conjurations
   333 | D:1      | Reached XP level 2. HP: 22/22 MP: 2/8
   546 | D:1      | Reached skill level 1 in Fighting
   608 | D:1      | Reached skill level 3 in Spellcasting
  1093 | D:1      | Reached XP level 3. HP: 28/28 MP: 7/10
  1150 | D:1      | Learned a level 2 spell: Call Imp
  1594 | D:2      | Identified the +0 scale mail of Hangman {Regen+ Int+2}
  1722 | D:2      | Found Bevigheu's Weapon Shoppe.
  2090 | D:2      | Reached XP level 4. HP: 15/36 MP: 0/11
  3765 | D:4      | Reached XP level 5. HP: 42/42 MP: 10/13
  4202 | D:4      | Slain by an iguana

Illustrated notes

Levels and vault maps discovered:
D:1:      elethiomel_arrival_shortcut, layout_loops_ring,
          shapermc_ecumenical_altar_pompeii
D:2:      layout_loops_ring, serial_shops, nicolae_shop_crystal
D:3:      layout_rooms, elyvilon_altar_3, kiku_gazebo_pond_becter,
          nicolae_hexahallways
D:4:      cheibrodos_quashed, layout_layer_cave

Skill      XL: |  1  2  3  4 |
---------------+-------------+-----
Summonings     | 1 |  1.0
Conjurations   | 1 2 |  2.6
Fighting       | 1 2 |  2.4
Spellcasting   | 3 |  3.6
Dodging        | |  1.7
Stealth        | |  1.7
Translocations | |  0.8

Action                     |  1- 3 |  4- 6 || total
---------------------------+-------+-------++-------
  Melee: Dagger            |    68 |    23 ||    91
         Punch             |     1 |     1 ||     2
         Rapier            |       |     4 ||     4
   Cast: Magic Dart        |   124 |    98 ||   222
  Evoke: Wand              |     4 |     7 ||    11
   Stab: Sleeping          |     1 |       ||     1
 Armour: Robe              |    50 |    36 ||    86
  Dodge: Dodged            |    51 |    53 ||   104

Table legend: (Time is in decaauts)
 A = Elapsed time spent in this place.
 B = Non-inter-level travel time spent in this place.
 C = Inter-level travel time spent in this place.
 D = Time resting spent in this place.
 E = Time spent auto-exploring this place.
 F = Levels seen in this place.
 G = Mean time per level.
                   A        B        C        D        E       F      G
               +--------+--------+--------+--------+--------+-----+--------+
         Total |   4202 |   4094 |    108 |      0 |   3517 |   4 | 1050.5 |
       Dungeon |   4202 |   4094 |    108 |      0 |   3517 |   4 | 1050.5 |
               +--------+--------+--------+--------+--------+-----+--------+

Top non-repeatable levels by time:
     D:1: 1461 daAuts
     D:2: 1184 daAuts
     D:3: 1060 daAuts
     D:4: 495 daAuts
